 Dungeon Crawl Stone Soup version 0.19.1-1-g22dce08 (webtiles) character file.

38 hangover the Vexing (level 3, 20/20 HPs)
             Began as a Kobold Arcane Marksman on Nov 18, 2016.
             Quit the game on level 2 of the Dungeon on Jan 3, 2017.
             The game lasted 00:09:55 (924 turns).

hangover the Vexing (Kobold Arcane Marksman)         Turns: 924, Time: 00:09:56

Health: 20/20      AC:  3    Str:  8    XL:     3   Next: 65%
Magic:  3/5        EV: 15    Int: 15    God:
Gold:   33         SH:  0    Dex: 14    Spells: 2 memorised, 2 levels left

rFire  . . .     SeeInvis .     a - +0 hand crossbow
rCold  . . .     Gourm    .     b - +0 robe
rNeg   . . .     Faith    .     (shield restricted)
rPois  .         Spirit   .     (no helmet)
rElec  .         Reflect  .     (no cloak)
rCorr  .         Harm     .     o - +0 pair of gloves
MR     .....                    (no boots)
Stlth  ++........               (no amulet)
                                (no ring)
                                (no ring)

@: no status effects
A: carnivore 3
a: no special abilities


You were on level 2 of the Dungeon.
You were completely stuffed.

You visited 1 branch of the dungeon, and saw 2 of its levels.

You collected 33 gold pieces.

Inventory:

Hand Weapons
 a - a +0 hand crossbow (weapon)
Missiles
 j - 21 stones (quivered)
 k - 22 sling bullets
Armour
 b - a +0 robe (worn)
 o - a +0 pair of gloves (worn)
Scrolls
 e - a scroll of enchant armour {unknown}
 g - a scroll of random uselessness {unknown}
 h - a scroll of remove curse {unknown}
 i - a scroll of teleportation {unknown}
 m - a scroll of identify {unknown}
Potions
 l - a potion of invisibility {unknown}
Books
 c - a book of Debilitation

   Spells                             Type                      Level
   a - Corona                         Hexes                        1
   b - Slow                           Hexes                        2
   c - Gell's Gravitas                Hexes/Translocation          3
   d - Inner Flame                    Hexes/Fire                   3
   e - Cause Fear                     Hexes                        4
   f - Leda's Liquefaction            Hexes/Earth                  4
Comestibles
 f - a meat ration
 n - a chunk of flesh


   Skills:
 + Level 1.1 Fighting
 + Level 3.1 Crossbows
 + Level 2.7 Dodging
 * Level 1.9 Stealth
 + Level 1.6 Spellcasting
 + Level 3.3 Hexes


You had 2 spell levels left.
You knew the following spells:

 Your Spells              Type           Power        Failure   Level  Hunger
a - Corona                Hex            ##.....      8%          1    ##.....
b - Slow                  Hex            ##......     12%         2    ###....


Dungeon Overview and Level Annotations

Branches:
Dungeon (2/15)

Altars:


Innate Abilities, Weirdness & Mutations

You are small and have problems with some larger weapons.
You are carnivorous and can eat meat at any time.


Message History

Press: ? - help, Shift-Dir - straight line, f/p - worm
Aim: a worm (moderately wounded)
You throw a stone.
The stone hits the worm but does no damage.
The worm is moderately wounded.
Throwing (i - inventory):
j - 23 stones (quivered)
Press: ? - help, Shift-Dir - straight line, f/p - worm
Aim: a worm (moderately wounded)
You throw a stone. The stone hits the worm.
The worm is moderately wounded.
Throwing (i - inventory):
j - 22 stones (quivered)
Press: ? - help, Shift-Dir - straight line, f/p - worm
Aim: a worm (moderately wounded)
You throw a stone.
The stone hits the worm but does no damage.
The worm is moderately wounded.
Saving game... please wait.
Welcome back, hangover the Kobold Arcane Marksman.
Press ? for a list of commands and other information.
Are you sure you want to abandon this character and quit the game? (Confirm with "yes".)

..........#.####..# ...
.#.####.#.........# ...
..^.......#.##.#..# #.#
.#.###.[..........# #.# .#.#
#......#..##.# #.#.
.#.######.#.#..#############.#.##
........#.....(.(..(.......).#..#
.######.#.#.#########...####.##.#
.# #......w..@...+(.[+ #..... .#
#.#.########.##...# #..#.#
#######..............(..# ##.#.#
........#.......#..#..### ##.#.#
###........###..#..#..# #.....
####.............#(.# #####.
#..........#..#..# #.
#####.#...... #..#..# #.
#.....#....#.##..#..# .# ..


You could see a worm.

Vanquished Creatures
  An ooze (D:2)
  3 worms (D:2)
  2 dart slugs (D:1)
  4 bats
  2 giant cockroaches (D:1)
  A quokka (D:2)
  A frilled lizard (D:1)
  2 goblins
  4 kobolds
  4 rats
24 creatures vanquished.

Vanquished Creatures (others)
  A goblin (D:1)
1 creature vanquished.

Grand Total: 25 creatures vanquished

Notes
Turn   | Place    | Note
-------+----------+-------------------------------------------
     0 | D:1      | hangover the Kobold Arcane Marksman began the quest for the Orb.
     0 | D:1      | Reached XP level 1. HP: 12/12 MP: 2/2
   148 | D:1      | Reached skill level 1 in Stealth
   148 | D:1      | Reached XP level 2. HP: 16/16 MP: 1/3
   435 | D:2      | Learned a level 2 spell: Slow
   599 | D:2      | Reached XP level 3. HP: 20/20 MP: 3/5
   924 | D:2      | Upgraded the game from 0.19.0-22-gd96e5fe to 0.19.1-1-g22dce08
   924 | D:2      | Quit the game

Skill      XL: |  1  2  3 |
---------------+----------+-----
Stealth        | 1 |  1.9
Crossbows      | 3 |  3.1
Fighting       | |  1.1
Dodging        | |  2.7
Spellcasting   | |  1.6
Hexes          | |  3.3

Action                   || total
-------------------------++-------
 Fire: Hand crossbow     ||    78
Throw: Stone             ||     3
 Cast: Corona            ||    23
       Slow              ||     2
  Eat: Chunk             ||     9
Armor: Robe              ||     8
Dodge: Dodged            ||    15
